[Event "Titled Tuesday Blitz March 01 Early 2022"]
[White "Zierk, Steven"]
[Black "Tsvetkov, Andrey"]
[WhiteFideId "2034255"]
[BlackFideId "34139360"]
[WhiteElo "2494"]
[BlackElo "2280"]
[Result "1-0"]
[Round "05"]
[TimeControl "180+1"]
[Date "2022.03.01"]
[WhiteClock "0:00:20"]
[BlackClock "0:00:03"]

1. e4 c5 2. Nf3 d6 3. d4 cxd4 4. Nxd4 Nf6 5. f3 e5 6. Nb3 a5 7. c4 Nxe4 8. fxe4 Qh4+ 9. Kd2 a4 10. Nc3 axb3 11. Qxb3 Be7 12. g3 Qh6+ 13. Kc2 Qg6 14. Bd3 Nc6 15. Be3 O-O 16. Nd5 Bg5 17. Bb6 f5 18. Rae1 fxe4 19. Bxe4 Bf5 20. Bxf5 Qxf5+ 21. Qd3 Qxd3+ 22. Kxd3 Rxa2 23. b4 Rd2+ 24. Ke4 Nd4 25. Rhf1 Rxf1 26. Rxf1 Re2+ 27. Kd3 Rxh2 28. Bc7 Rd2+ 29. Ke4 Ne2 30. Rf3 g6 31. Bxd6 Ng1 32. Rf8+ Kg7 33. Kxe5 Re2+ 34. Kd4 Re6 35. Bc5 b6 36. Nxb6 Rxb6 37. Rf1 Ne2+ 38. Kd3 Nxg3 39. Rf3 Ra6 40. b5 Ra1 41. Bd4+ Kh6 42. Bxa1 Nf5 43. Rh3+ Bh4 44. Rxh4+ Nxh4 45. b6 Nf5 46. b7 1-0


[Site "https://www.chess.com"]

[Event "Titled Tuesday Blitz March 01 Early 2022"]
[White "parintele_chess"]
[Black "Brunner, Nicolas"]
[BlackFideId "620246"]
[WhiteElo "2212"]
[BlackElo "2372"]
[Result "0-1"]
[Round "05"]
[TimeControl "180+1"]
[Date "2022.03.01"]
[WhiteClock "0:00:55"]
[BlackClock "0:01:22"]

1. d4 d5 2. Bf4 e6 3. Nf3 Nf6 4. e3 c5 5. c3 Nc6 6. Bb5 Bd6 7. Bg3 O-O 8. O-O Ne7 9. Ne5 b6 10. Nd2 Bb7 11. f4 Nf5 12. Bf2 Be7 13. g4 Nd6 14. Bd3 Nfe4 15. Nxe4 Nxe4 16. Bxe4 dxe4 17. g5 f6 18. gxf6 gxf6 19. Ng4 Kh8 20. Nh6 Qe8 21. Qg4 Qg6 22. Qxg6 hxg6 23. h4 f5 24. h5 Kh7 25. hxg6+ Kxh6 26. Kg2 Kxg6 27. Rh1 Rh8 28. Rag1 Kf7 29. Kf1 Ba6+ 30. Ke1 cxd4 31. cxd4 Rxh1 32. Rxh1 Rg8 33. Rh6 Bb4+ 34. Kd1 Rg2 35. Bh4 Bd3 36. Rf6+ Kg7 37. Rxe6 Rg1+ 0-1


[Site "https://www.chess.com"]

[Event "Titled Tuesday Blitz March 01 Early 2022"]
[White "Alavkin, Arseny"]
[Black "Bilan, Danila"]
[WhiteFideId "4120612"]
[BlackFideId "24161918"]
[WhiteElo "2391"]
[BlackElo "2164"]
[Result "1-0"]
[Round "06"]
[TimeControl "180+1"]
[Date "2022.03.01"]
[WhiteClock "0:01:28"]
[BlackClock "0:00:03"]

1. d4 d5 2. c4 c6 3. cxd5 cxd5 4. Bg5 Nc6 5. Nc3 Nf6 6. Bxf6 gxf6 7. e3 e6 8. Bd3 Bd6 9. Nf3 f5 10. O-O Bd7 11. Rc1 Rc8 12. a3 O-O 13. Nd2 Qf6 14. f4 Ne7 15. Nf3 Ng6 16. h3 Kh8 17. g4 Bb8 18. Rc2 Nh4 19. g5 Nxf3+ 20. Qxf3 Qg7 21. h4 Rc7 22. Rg2 Rfc8 23. h5 a6 24. Kh1 b5 25. Rfg1 Rc6 26. Rh2 Bd6 27. Ne2 Be7 28. Rg3 Bf8 29. Kg2 R6c7 30. Kf2 a5 31. Rg1 Rb8 32. g6 fxg6 33. hxg6 h6 34. Ng3 Kg8 35. Nh5 Qe7 36. g7 Rbc8 37. gxf8=Q+ Kxf8 38. Qg3 Qf7 39. Qg7+ Qxg7 40. Rxg7 Be8 41. Rxc7 Rxc7 42. Nf6 Bf7 43. Nh5 b4 44. axb4 axb4 45. Ng3 Rc1 46. Rh1 Rc7 47. Ra1 Be8 48. Ne2 Ke7 49. Ra6 Bd7 50. Rb6 h5 51. Rxb4 Rc8 52. Rb7 Kd6 53. Rb6+ Kc7 54. Ra6 Rg8 55. Ra7+ Kd6 56. Ng1 h4 57. Bf1 Rb8 58. Ra2 Rg8 59. Nf3 Rg4 60. Ne5 Rg3 61. Ra6+ Kc7 62. Ra7+ Kb6 63. Rxd7 Rg8 64. Rd6+ Ka5 65. Rxe6 Kb4 66. Rd6 Rd8 67. Rxd8 1-0


[Site "https://www.chess.com"]

[Event "Titled Tuesday Blitz March 01 Early 2022"]
[White "Aldokhin, Ivan"]
[Black "Samarth, J Rao"]
[WhiteFideId "24115720"]
[BlackFideId "46652370"]
[WhiteElo "2231"]
[BlackElo "1514"]
[Result "1-0"]
[Round "06"]
[TimeControl "180+1"]
[Date "2022.03.01"]
[WhiteClock "0:00:22"]
[BlackClock "0:01:39"]

1. e4 c5 2. Nf3 g6 3. d4 cxd4 4. Nxd4 Bg7 5. Nc3 Nc6 6. Be3 Nf6 7. Bc4 Qa5 8. O-O O-O 9. Bb3 d6 10. Nd5 Nxd5 11. exd5 Ne5 12. h3 Nd7 13. c3 Nf6 14. Qf3 a6 15. Rfe1 Bd7 16. Bg5 Rfe8 17. Re2 Ba4 18. Bc4 Rac8 19. b3 Bd7 20. Bd2 b5 21. Bd3 Qb6 22. Rae1 b4 23. Bc4 bxc3 24. Bxc3 Bb5 25. Bxb5 axb5 26. Rxe7 Rxe7 27. Rxe7 Nxd5 28. Qxf7+ 1-0


[Site "https://www.chess.com"]

[Event "Titled Tuesday Blitz March 01 Early 2022"]
[White "Alfaro, William"]
[Black "Pischal, Yulia"]
[WhiteFideId "6100457"]
[BlackFideId "14102390"]
[WhiteElo "2066"]
[BlackElo "1931"]
[Result "0-1"]
[Round "06"]
[TimeControl "180+1"]
[Date "2022.03.01"]
[WhiteClock "0:00:57"]
[BlackClock "0:00:04"]

1. e4 c5 2. Nf3 d6 3. d4 cxd4 4. Nxd4 Nf6 5. Nc3 Nc6 6. Be2 e5 7. Nb3 Be7 8. O-O O-O 9. Be3 Be6 10. f3 a5 11. a4 Nb4 12. Rf2 d5 13. Bf1 d4 14. Bd2 dxc3 15. bxc3 Nc6 16. Be3 Qxd1 17. Rxd1 Rfd8 18. Rfd2 Rxd2 19. Rxd2 Bxb3 20. cxb3 Rd8 21. Bb5 Rxd2 22. Bxd2 Bd8 23. Be3 Nd7 24. Kf1 Bb6 25. Bd2 Kf8 26. b4 Ke7 27. Ke2 Kd6 28. Kd3 Ndb8 29. Kc4 Bg1 30. h3 f6 31. Bc1 Bb6 32. Ba3 Ke6 33. Kd3 Ne7 34. Bc4+ Kd7 35. Bb3 Ng6 36. Ke2 Nf4+ 37. Kf1 Nc6 38. b5 Nd8 39. c4 Nfe6 40. Bb2 Bd4 41. Bc1 b6 42. Bd2 Nc5 43. Bc2 Nde6 44. g3 g6 45. h4 Kd6 46. Kg2 Ng7 47. Kh3 Nce6 48. Bc1 Bc5 49. Bd1 Nd4 50. f4 Nge6 51. h5 exf4 52. gxf4 f5 53. e5+ Kd7 54. Kh4 Be7+ 55. Kh3 Nf8 56. Be3 Bc5 57. Kh4 Nfe6 58. Kh3 Ke7 59. hxg6 hxg6 60. Bd2 Kf7 61. Kg3 Kg7 62. Kh4 Kh6 63. Kg3 g5 64. fxg5+ Nxg5 65. Kh4 Ne6 66. Bf3 Kg6 67. Bd5 f4 68. Kg4 f3 69. Bxf3 Nxf3 70. Kxf3 Kf5 71. Ke2 Kxe5 72. Kd3 Kf5 73. Bh6 Nd8 74. Bg7 Nf7 75. Bc3 Nd6 76. Bg7 Ke6 77. Bh6 Nf7 78. Bf4 Ne5+ 79. Kc3 Kf5 80. Bh6 Ke4 81. Bg7 Nf3 82. Bf6 Bd4+ 83. Kc2 Bxf6 84. c5 bxc5 85. b6 Be5 86. Kb3 Bb8 87. Kc4 Ke5 88. Kxc5 Ke6 89. Kb5 Nd4+ 90. Kxa5 Kd6 91. Ka6 Kc6 92. a5 Nb5 93. b7 Nc7# 0-1


[Site "https://www.chess.com"]

[Event "Titled Tuesday Blitz March 01 Early 2022"]
[White "Al-Tarboush, Ward"]
[Black "Gubanov, Oleg"]
[WhiteFideId "7601450"]
[BlackFideId "14115115"]
[WhiteElo "2276"]
[BlackElo "2080"]
[Result "1-0"]
[Round "06"]
[TimeControl "180+1"]
[Date "2022.03.01"]
[WhiteClock "0:01:11"]
[BlackClock "0:00:17"]

1. e4 Nf6 2. e5 Nd5 3. d4 d6 4. Nf3 dxe5 5. dxe5 Nc6 6. Bc4 Ndb4 7. Qxd8+ Nxd8 8. Na3 Be6 9. Bb5+ c6 10. Be2 Bf5 11. Nd4 Bg6 12. O-O e6 13. c3 Nd3 14. Nc4 Nxc1 15. Raxc1 Kd7 16. Rfd1 Kc7 17. Nd6 Bxd6 18. exd6+ Kxd6 19. Nf5+ Kc7 20. Nxg7 h5 21. Rd4 h4 22. Rcd1 Rc8 23. Rd7+ Kb6 24. h3 e5 25. Bg4 Rb8 26. b4 a5 27. bxa5+ Kxa5 28. Re7 e4 29. Re5+ Kb6 30. Rb1+ Kc7 31. Ne8+ Rxe8 32. Rxe8 f5 33. Re7+ Kd6 34. Rg7 Bf7 35. Bxf5 Ke5 36. Bg4 Bxa2 37. Rd1 Bc4 38. Re7+ Kf6 39. Rxe4 b5 40. Rd6+ Kg7 41. Re7+ Kf8 42. Red7 Nf7 43. Rxc6 b4 44. Rxc4 b3 45. Rb4 1-0


[Site "https://www.chess.com"]

[Event "Titled Tuesday Blitz March 01 Early 2022"]
[White "Ambartsumova, Karina"]
[Black "Warmerdam, Max"]
[WhiteFideId "4166299"]
[BlackFideId "1048104"]
[WhiteElo "2262"]
[BlackElo "2537"]
[Result "0-1"]
[Round "06"]
[TimeControl "180+1"]
[Date "2022.03.01"]
[WhiteClock "0:00:25"]
[BlackClock "0:01:53"]

1. d4 d5 2. c4 e6 3. Nf3 a6 4. cxd5 exd5 5. Nc3 c6 6. Bf4 Bd6 7. Bg3 Ne7 8. e3 O-O 9. Bd3 Nf5 10. Qc2 g6 11. Bxd6 Nxd6 12. h4 Bf5 13. h5 Nd7 14. Bxf5 Nxf5 15. g4 Nd6 16. O-O-O Nf6 17. Ne5 Nc4 18. hxg6 fxg6 19. Nxg6 Rf7 20. Ne5 Rg7 21. Rdg1 Qe8 22. g5 Nxe5 23. dxe5 Nd7 24. f4 Nc5 25. Rh6 Rd8 26. g6 hxg6 27. Rhxg6 Rd7 28. Ne2 Ne4 29. Nd4 Rxg6 0-1


[Site "https://www.chess.com"]

[Event "Titled Tuesday Blitz March 01 Early 2022"]
[White "Araujo Filho, Luiz Antonio Coel"]
[Black "Shuvalov, Evgenij"]
[WhiteFideId "2130661"]
[BlackFideId "4187237"]
[WhiteElo "2173"]
[BlackElo "2119"]
[Result "0-1"]
[Round "06"]
[TimeControl "180+1"]
[Date "2022.03.01"]
[WhiteClock "0:00:07"]
[BlackClock "0:00:18"]

1. d4 Nf6 2. Nf3 g6 3. c4 Bg7 4. Nc3 d5 5. cxd5 Nxd5 6. e4 Nxc3 7. bxc3 c5 8. Be2 Nc6 9. O-O O-O 10. Be3 cxd4 11. cxd4 Bg4 12. e5 Be6 13. Qa4 Rc8 14. Rab1 Rc7 15. Nd2 Rd7 16. Ne4 Nxd4 17. Bd1 Bf5 18. f3 Bxe4 19. fxe4 Bxe5 20. Qxa7 Qa8 21. Qc5 Bg7 22. Bg4 e6 23. e5 Nc6 24. Bf4 Rd5 25. Qb6 Bxe5 26. Qxb7 Bxf4 27. Rxf4 Ne5 28. Bf3 Nxf3+ 29. Rxf3 Rd1+ 30. Rf1 Rxf1+ 31. Kxf1 Qxa2 32. h3 Rd8 33. Qb2 Rd1+ 34. Ke2 Qxb1 0-1


[Site "https://www.chess.com"]

[Event "Titled Tuesday Blitz March 01 Early 2022"]
[White "Astasio Lopez, David"]
[Black "Bintang, Rasyid A. Hidayat"]
[WhiteFideId "2230208"]
[BlackFideId "7105355"]
[WhiteElo "2355"]
[BlackElo "2366"]
[Result "1-0"]
[Round "06"]
[TimeControl "180+1"]
[Date "2022.03.01"]
[WhiteClock "0:01:34"]
[BlackClock "0:00:18"]

1. d4 d5 2. Nf3 Nc6 3. Nbd2 Bg4 4. c3 e6 5. e3 Bd6 6. Qb3 Rb8 7. Qa4 Ne7 8. Ne5 Bxe5 9. dxe5 O-O 10. Qxg4 Ng6 11. f4 f5 12. Qg3 Nce7 13. Nb3 b6 14. Be2 Qd7 15. O-O a5 16. Nd4 c5 17. Bb5 Qc8 18. Nf3 Kh8 19. Qh3 Ng8 20. Ng5 h6 21. b3 N8e7 22. Bb2 Kg8 23. Nf3 Rd8 24. Qg3 Kh7 25. Rac1 Rg8 26. Rfd1 Qf8 27. Qh3 Nh8 28. Ng5+ Kg6 29. Be2 hxg5 30. Qh5# 1-0


[Site "https://www.chess.com"]

[Event "Titled Tuesday Blitz March 01 Early 2022"]
[White "Bambino Filho, Antonio Carlos"]
[Black "Manolache, Marius"]
[WhiteFideId "2113163"]
[BlackFideId "1201530"]
[WhiteElo "2452"]
[BlackElo "2389"]
[Result "0-1"]
[Round "06"]
[TimeControl "180+1"]
[Date "2022.03.01"]
[WhiteClock "0:00:12"]
[BlackClock "0:01:25"]

1. e4 c5 2. Nf3 e6 3. d4 cxd4 4. Nxd4 a6 5. c4 Nf6 6. Nc3 Qc7 7. Be2 b6 8. O-O Bb7 9. f3 h5 10. Be3 d6 11. Rc1 Nbd7 12. b4 Be7 13. a4 O-O 14. Nb3 Rfb8 15. a5 bxa5 16. Nxa5 Bc8 17. Rb1 Ne5 18. Qd2 h4 19. Rfc1 Ng6 20. h3 Bd7 21. Kh1 Be8 22. f4 Rxb4 23. Rxb4 Qxa5 24. Rb7 Bc6 25. Rbb1 Qd8 26. Bf3 Rc8 27. Rd1 Qe8 28. Bd4 Nd7 29. f5 Nge5 30. fxe6 fxe6 31. Be2 Qg6 32. Rf1 Nf6 33. Bf3 Nh7 34. Bxe5 dxe5 35. Nd1 Ng5 36. Qe2 Nxe4 37. Bxe4 Bxe4 38. Ra1 Bd3 39. Qf2 Rf8 0-1


[Site "https://www.chess.com"]

[Event "Titled Tuesday Blitz March 01 Early 2022"]
[White "Bashirli, Nail"]
[Black "Kuzmin, Roman"]
[WhiteFideId "13406809"]
[BlackFideId "44134932"]
[WhiteElo "2333"]
[BlackElo "1978"]
[Result "0-1"]
[Round "06"]
[TimeControl "180+1"]
[Date "2022.03.01"]
[WhiteClock "0:00:59"]
[BlackClock "0:00:23"]

1. e4 c5 2. Nc3 g6 3. f4 Bg7 4. Nf3 Nc6 5. Bb5 Nd4 6. Bc4 e6 7. O-O Ne7 8. d3 d5 9. exd5 exd5 10. Bb3 Bg4 11. Ba4+ Kf8 12. Be3 Nxf3+ 13. gxf3 Bh3 14. Bxc5 Bxf1 15. Qxf1 Rc8 16. Qf2 b6 17. Ba3 Kg8 18. Re1 Nf5 19. Re5 Bxe5 20. fxe5 Qg5+ 21. Kh1 Qc1+ 22. Kg2 Rxc3 23. e6 Rxa3 0-1


[Site "https://www.chess.com"]

[Event "Titled Tuesday Blitz March 01 Early 2022"]
[White "Belyakov, Bogdan"]
[Black "Asadli, Vugar"]
[WhiteFideId "24104795"]
[BlackFideId "13405764"]
[WhiteElo "2407"]
[BlackElo "2925"]
[Result "0-1"]
[Round "06"]
[TimeControl "180+1"]
[Date "2022.03.01"]
[WhiteClock "0:00:07"]
[BlackClock "0:00:44"]

1. e4 g6 2. d4 Bg7 3. Nf3 d6 4. Nc3 a6 5. Be3 b5 6. a4 b4 7. Nd5 a5 8. c3 e6 9. Nf4 Ne7 10. Bb5+ c6 11. Bd3 O-O 12. O-O Na6 13. Ne2 Rb8 14. Ng3 c5 15. Qd2 bxc3 16. bxc3 cxd4 17. cxd4 Nb4 18. Bh6 Bxh6 19. Qxh6 f6 20. Bc4 d5 21. Bb5 dxe4 22. Nxe4 Nf5 23. Qf4 Bb7 24. Rad1 g5 25. Qg4 h5 26. Nxf6+ Qxf6 27. Qxg5+ Qxg5 28. Nxg5 Bd5 29. Rfe1 Nc2 30. Re5 Ncxd4 31. Bd3 Nc6 32. Ree1 Nfd4 33. Re3 h4 34. Rh3 Rf4 35. f3 Rb2 36. Re1 Nb4 37. Be4 Nbc2 38. Bxc2 Rxc2 39. Ne4 Bxe4 40. Rxe4 Rxe4 41. fxe4 Rc4 42. Rxh4 Rxa4 43. Rh5 Ra2 44. Rc5 a4 45. Ra5 a3 46. h4 Kg7 47. Kh2 Ne2 48. Kh3 Ra1 49. g3 a2 50. Kg4 Nc3 51. Kg5 Rf1 52. Ra7+ Kf8 0-1


[Site "https://www.chess.com"]

[Event "Titled Tuesday Blitz March 01 Early 2022"]
[White "Bodnaruk, Anastasia"]
[Black "Wong, Yinn Long"]
[WhiteFideId "4181751"]
[BlackFideId "5707684"]
[WhiteElo "2393"]
[BlackElo "2055"]
[Result "0-1"]
[Round "06"]
[TimeControl "180+1"]
[Date "2022.03.01"]
[WhiteClock "0:00:34"]
[BlackClock "0:00:23"]

1. e4 e6 2. d4 d5 3. e5 c5 4. c3 Qb6 5. Nf3 Nc6 6. Be2 cxd4 7. cxd4 Nh6 8. b3 Nf5 9. Bb2 Bb4+ 10. Kf1 Bd7 11. g4 Nh6 12. h3 f6 13. Nc3 fxe5 14. dxe5 Bxc3 15. Bxc3 O-O 16. Kg2 Nf7 17. Qd2 Nfxe5 18. Rhe1 Ng6 19. Qg5 e5 20. Rad1 Nf4+ 21. Kg3 h6 22. Qh4 e4 23. Nd4 Ng6 24. Qh5 Qc7+ 25. Kg2 Nf4+ 0-1


[Site "https://www.chess.com"]

[Event "Titled Tuesday Blitz March 01 Early 2022"]
[White "Boraso, Alessio"]
[Black "Sahin, Handenur"]
[WhiteFideId "848077"]
[BlackFideId "6334865"]
[WhiteElo "2277"]
[BlackElo "2188"]
[Result "0-1"]
[Round "06"]
[TimeControl "180+1"]
[Date "2022.03.01"]
[WhiteClock "0:00:02"]
[BlackClock "0:00:09"]

1. e4 e5 2. d4 exd4 3. c3 Nf6 4. e5 Ne4 5. cxd4 d5 6. Nc3 Nxc3 7. bxc3 c5 8. Bd3 cxd4 9. cxd4 Nc6 10. Ne2 Bb4+ 11. Bd2 Qa5 12. a3 Bxd2+ 13. Qxd2 Qa4 14. O-O Bd7 15. Rab1 Nxd4 16. Rxb7 Nxe2+ 17. Qxe2 O-O 18. Rfb1 Rac8 19. h3 Be6 20. R1b4 Qxa3 21. Qh5 Qc1+ 22. Kh2 g6 23. Qh4 Qe1 24. Qf6 Qd2 25. Bb1 Qh6 26. Rh4 Qg7 27. Qe7 Rce8 28. Qg5 Bc8 29. Rxa7 Rxe5 30. Qg3 Re1 31. Bc2 Ra1 32. Rxa1 Qxa1 33. Bb3 Be6 34. Qd3 Qg7 35. g3 Rd8 36. Rd4 Bf5 37. Qd2 Be6 38. Bxd5 Qe5 39. Re4 Rxd5 40. Rxe5 Rxd2 41. Kg1 Rd1+ 42. Kg2 Bd5+ 43. Kh2 Rh1# 0-1


[Site "https://www.chess.com"]

[Event "Titled Tuesday Blitz March 01 Early 2022"]
[White "Boruchovsky, Avital"]
[Black "Makhnev, Denis"]
[WhiteFideId "2800055"]
[BlackFideId "13707647"]
[WhiteElo "2469"]
[BlackElo "2491"]
[Result "1-0"]
[Round "06"]
[TimeControl "180+1"]
[Date "2022.03.01"]
[WhiteClock "0:00:14"]
[BlackClock "0:00:02"]

1. e4 b6 2. d4 Bb7 3. Nc3 e6 4. a3 Nf6 5. Bd3 d5 6. e5 Ne4 7. Nce2 f5 8. h4 Be7 9. g3 c5 10. c3 O-O 11. Nf3 Ba6 12. Nf4 Qd7 13. Be3 Bxd3 14. Qxd3 c4 15. Qe2 b5 16. Kf1 a5 17. Kg2 Nc6 18. Ne1 b4 19. f3 Nxc3 20. bxc3 bxc3 21. Qc2 Rfb8 22. Qxc3 Rb3 23. Qc1 Rab8 24. Ne2 Qa7 25. Kf1 Nxe5 26. Nf4 Kf7 27. Rh2 Nc6 28. Nc2 Bf6 29. Qe1 Qd7 30. Rd1 Rb2 31. Re2 R8b3 32. Kg2 Nd8 33. Bc1 Ra2 34. Qxa5 g5 35. hxg5 Bxg5 36. Rde1 c3 37. Qa6 Bxf4 38. Bxf4 Rbb2 39. Nb4 Rxe2+ 40. Rxe2 Rxe2+ 41. Qxe2 Qa4 42. Nc2 Nc6 43. Qd3 Qb3 44. g4 1-0


[Site "https://www.chess.com"]

[Event "Titled Tuesday Blitz March 01 Early 2022"]
[White "Brodowski, Piotr"]
[Black "Guseva, Marina"]
[WhiteFideId "1124480"]
[BlackFideId "4149351"]
[WhiteElo "2422"]
[BlackElo "2232"]
[Result "1-0"]
[Round "06"]
[TimeControl "180+1"]
[Date "2022.03.01"]
[WhiteClock "0:00:22"]
[BlackClock "0:00:03"]

1. c4 c6 2. e4 d5 3. exd5 cxd5 4. d4 Nf6 5. Nc3 e6 6. g3 Bb4 7. Bg2 O-O 8. cxd5 Nxd5 9. Ne2 b6 10. O-O Bb7 11. Qb3 Na6 12. Nf4 Bxc3 13. bxc3 Rb8 14. Nd3 b5 15. Ba3 Re8 16. Ne5 Nxc3 17. Bxb7 Ne2+ 18. Kh1 Rxb7 19. Qf3 Qd5 20. Qxd5 exd5 21. Rfe1 Nc3 22. Nc6 Rxe1+ 23. Rxe1 h6 24. Re8+ Kh7 25. Nd8 Rb8 26. Bd6 Rc8 27. a3 Ne4 28. Be5 Nxf2+ 29. Kg2 Ng4 30. Bd6 Nf6 31. Rf8 Ne4 32. Be5 b4 33. axb4 Nxb4 34. Rxf7 Kg6 35. Rxg7+ Kh5 36. g4+ Kh4 37. Bg3+ 1-0


[Site "https://www.chess.com"]

[Event "Titled Tuesday Blitz March 01 Early 2022"]
[White "Brunner, Nicolas"]
[Black "Risteski, Emil"]
[WhiteFideId "620246"]
[BlackFideId "15005267"]
[WhiteElo "2372"]
[BlackElo "2070"]
[Result "0-1"]
[Round "06"]
[TimeControl "180+1"]
[Date "2022.03.01"]
[WhiteClock "0:00:04"]
[BlackClock "0:00:16"]

1. d4 d6 2. e4 Nf6 3. Nc3 e5 4. Nf3 Nbd7 5. Bc4 Be7 6. O-O O-O 7. Re1 c6 8. a4 a5 9. h3 Nb6 10. Ba2 Nfd7 11. Be3 exd4 12. Bxd4 Nc5 13. Bxc5 dxc5 14. Qe2 Qd6 15. Rad1 Qg6 16. Ne5 Qg5 17. Nf3 Qh6 18. Ne5 Be6 19. Ng4 Bxg4 20. Qxg4 Rfd8 21. Qf5 Qg6 22. g3 Qxf5 23. exf5 Kf8 24. Re4 Bf6 25. Rde1 Re8 26. Kf1 Bxc3 27. bxc3 Rxe4 28. Rxe4 Re8 29. Rf4 Ke7 30. Re4+ Kf8 31. Rf4 Re5 32. f6 g5 33. Rf3 Nxa4 34. Rd3 Ke8 35. g4 Nb6 36. h4 Nd5 37. hxg5 Rxg5 38. Rh3 Nxf6 39. f3 b5 40. Kf2 c4 41. Ke3 Nd5+ 42. Kd4 Nf6 43. Rh6 Ke7 44. Bb1 Rd5+ 45. Ke3 Rd1 46. Ba2 Ra1 47. g5 Nd5+ 48. Kd4 Rxa2 49. Rxc6 Nf4 50. Ke5 Ng6+ 51. Kd4 Rxc2 52. Rc7+ Kf8 53. Rb7 Rb2 54. Ra7 a4 55. Ke4 Rb3 56. Kf5 Rxc3 57. f4 Rf3 0-1


[Site "https://www.chess.com"]

[Event "Titled Tuesday Blitz March 01 Early 2022"]
[White "Butti, Enrique"]
[Black "Iljin, Timofey"]
[WhiteFideId "3700470"]
[BlackFideId "14110180"]
[WhiteElo "2080"]
[BlackElo "2396"]
[Result "0-1"]
[Round "06"]
[TimeControl "180+1"]
[Date "2022.03.01"]
[WhiteClock "0:01:23"]
[BlackClock "0:02:19"]

1. d4 f5 2. Nf3 Nf6 3. g3 g6 4. Bg2 Bg7 5. O-O O-O 6. c4 d6 7. Nc3 Qe8 8. d5 a5 9. Nd4 Na6 10. e4 fxe4 11. Nxe4 Nxe4 12. Bxe4 Bh3 13. Bg2 Bxg2 14. Kxg2 Nc5 15. Be3 Qf7 16. Qg4 Rae8 17. h4 h5 18. Qe2 e5 19. dxe6 Nxe6 20. Qd2 Bxd4 21. Bxd4 Qf3+ 22. Kg1 Nf4 23. gxf4 Rxf4 0-1


[Site "https://www.chess.com"]

[Event "Titled Tuesday Blitz March 01 Early 2022"]
[White "Carlsson, Ludvig"]
[Black "Samadov, Read"]
[WhiteFideId "1727010"]
[BlackFideId "13417444"]
[WhiteElo "2178"]
[BlackElo "2084"]
[Result "0-1"]
[Round "06"]
[TimeControl "180+1"]
[Date "2022.03.01"]
[WhiteClock "0:01:18"]
[BlackClock "0:01:33"]

1. e4 c5 2. Nf3 d6 3. d4 cxd4 4. Nxd4 Nf6 5. Nc3 a6 6. Be2 e5 7. Nf3 h6 8. O-O Be6 9. a4 Be7 10. Nd2 O-O 11. Nc4 Nc6 12. Be3 Rb8 13. Bb6 Qd7 14. Ne3 Bd8 15. a5 Bxb6 16. axb6 Nd4 17. Bc4 Qc6 18. Bxe6 fxe6 19. Qd3 Qxb6 20. Nc4 Qc6 21. Nd2 Rbc8 22. Ra5 Qb6 23. Ra2 Ng4 24. Nc4 Qc5 25. Ne3 Nxe3 26. fxe3 Rxf1+ 27. Kxf1 Rf8+ 28. Kg1 Nxc2 0-1


[Site "https://www.chess.com"]

[Event "Titled Tuesday Blitz March 01 Early 2022"]
[White "Caruana, Fabiano"]
[Black "Alavi, Sayed Javad"]
[WhiteFideId "2020009"]
[BlackFideId "12500607"]
[WhiteElo "2744"]
[BlackElo "2475"]
[Result "1-0"]
[Round "06"]
[TimeControl "180+1"]
[Date "2022.03.01"]
[WhiteClock "0:00:06"]
[BlackClock "0:00:03"]

1. e4 c6 2. Nf3 d5 3. Nc3 dxe4 4. Nxe4 Nf6 5. Qe2 Na6 6. Nxf6+ gxf6 7. g3 Nc7 8. Bg2 Bg4 9. O-O Qd7 10. d4 h5 11. h4 O-O-O 12. Be3 Nd5 13. Rad1 Nxe3 14. Qxe3 Bh6 15. Qb3 e6 16. c4 Kb8 17. Qc3 Qc7 18. b4 Rhe8 19. Rb1 e5 20. b5 e4 21. Nd2 e3 22. Ne4 exf2+ 23. Rxf2 f5 24. Ng5 Bg7 25. Rf4 Qxf4 26. gxf4 Bxd4+ 27. Qxd4 Rxd4 28. bxc6 b6 29. c5 Kc7 30. cxb6+ axb6 31. Nxf7 Rd1+ 32. Rxd1 Bxd1 33. Ne5 Ra8 34. Bd5 Ra5 35. Be6 Rc5 36. Kf2 Rc2+ 37. Ke3 Bg4 38. Bd5 Re2+ 39. Kd3 Rh2 40. Ng6 Rh3+ 41. Kd4 Kd6 42. Bg2 Rh2 43. Bf1 Rxa2 44. Ne5 Rd2+ 45. Kc3 Rd1 46. Bb5 Rh1 47. Nf7+ Kc7 48. Ng5 Rxh4 49. Ne6+ Kd6 50. c7 Rh3+ 51. Kd4 Rh1 52. c8=Q Rd1+ 53. Bd3 Rxd3+ 54. Kxd3 1-0


[Site "https://www.chess.com"]

[Event "Titled Tuesday Blitz March 01 Early 2022"]
[White "Chernomordik, Pavel"]
[Black "Muradov, Soltan"]
[WhiteFideId "2804530"]
[BlackFideId "14002108"]
[WhiteElo "2249"]
[BlackElo "1854"]
[Result "1/2-1/2"]
[Round "06"]
[TimeControl "180+1"]
[Date "2022.03.01"]
[WhiteClock "0:00:05"]
[BlackClock "0:00:05"]

1. e4 e5 2. Nf3 Nf6 3. Nc3 Bb4 4. Nxe5 d5 5. exd5 O-O 6. d4 Nxd5 7. Bd2 Re8 8. Be2 Nc6 9. Nxc6 bxc6 10. O-O Nxc3 11. bxc3 Bd6 12. Bf3 Bd7 13. c4 Qf6 14. c5 Bf4 15. c3 Re7 16. Qc1 Bxd2 17. Qxd2 Rae8 18. Rfe1 h6 19. Rxe7 Rxe7 20. Re1 Qg5 21. Qd1 Rxe1+ 22. Qxe1 Kf8 23. Qe3 Qf5 24. Be4 Qe6 25. Bb1 Qc4 26. f3 Qb5 27. Qc1 Qe2 28. h3 a5 29. Bc2 Be6 30. a3 Bc4 31. Be4 Bd5 32. Qc2 Qc4 33. Bd3 Qb3 34. Qxb3 Bxb3 35. c4 Ke7 36. Kf2 g6 37. Ke3 f5 38. f4 Kf6 39. Kd2 h5 40. h4 Ke7 41. Be2 Kd7 42. Bf3 Bxc4 43. Kc3 Bd5 44. Bxd5 cxd5 45. Kb3 c6 46. Ka4 Kc7 47. Kxa5 Kb7 48. a4 Ka7 49. Kb4 Kb7 50. a5 Ka6 51. Ka4 Ka7 52. Kb4 Ka6 53. Ka4 Ka7 54. Kb4 Ka6 1/2-1/2


[Site "https://www.chess.com"]

[Event "Titled Tuesday Blitz March 01 Early 2022"]
[White "Cori T., Deysi"]
[Black "Svane, Rasmus"]
[WhiteFideId "3801934"]
[BlackFideId "4657101"]
[WhiteElo "2350"]
[BlackElo "2645"]
[Result "1/2-1/2"]
[Round "06"]
[TimeControl "180+1"]
[Date "2022.03.01"]
[WhiteClock "0:00:03"]
[BlackClock "0:00:02"]

1. Nf3 d5 2. d4 e6 3. c4 a6 4. e3 Nf6 5. Nbd2 c5 6. Bd3 dxc4 7. Nxc4 b5 8. Nce5 Nbd7 9. O-O Bb7 10. a4 c4 11. Bc2 Bd6 12. b3 c3 13. axb5 axb5 14. Rxa8 Qxa8 15. Qd3 b4 16. Qb5 Ba6 17. Qa4 Qb7 18. Nc4 Bc7 19. e4 Bb8 20. Re1 O-O 21. Nfe5 Rc8 22. Be3 Nxe5 23. dxe5 Ng4 24. Nd6 Bxd6 25. exd6 Nxe3 26. Rxe3 e5 27. h4 Rd8 28. Re1 Qb6 29. d7 Qb5 30. Ra1 Qxa4 31. Rxa4 Bb5 32. Rxb4 Bxd7 33. Rc4 Rc8 34. Rxc8+ Bxc8 35. Kf1 Ba6+ 36. Ke1 Kf8 37. b4 Ke7 38. Kd1 Kd6 39. Bb3 Bd3 40. f3 f5 41. Bc2 Bf1 42. exf5 Bxg2 43. Ke2 Kd5 44. b5 Kc5 45. Kd3 Bxf3 46. Kxc3 Kxb5 47. Kd3 Kc5 48. Ke3 Bg4 49. f6 gxf6 50. Bxh7 f5 51. h5 Kd6 52. h6 Ke7 53. Bg6 Kf6 54. h7 Kg7 55. Kf2 f4 56. Kg2 Be2 57. Kf2 Bc4 58. Kf3 Bd5+ 59. Kg4 Be6+ 60. Kf3 Bd5+ 61. Kg4 Bc6 62. Bf5 Bd5 63. Bg6 1/2-1/2


[Site "https://www.chess.com"]

[Event "Titled Tuesday Blitz March 01 Early 2022"]
[White "Costachi, Mihnea"]
[Black "Prado Lobo, Jonas"]
[WhiteFideId "1217518"]
[BlackFideId "32050666"]
[WhiteElo "2464"]
[BlackElo "2199"]
[Result "1-0"]
[Round "06"]
[TimeControl "180+1"]
[Date "2022.03.01"]
[WhiteClock "0:01:44"]
[BlackClock "0:00:50"]

1. e4 e6 2. Qe2 d5 3. exd5 Qxd5 4. Nc3 Qd8 5. Nf3 Nf6 6. d4 b6 7. Bg5 Bb7 8. O-O-O Be7 9. Ne5 Nbd7 10. h4 O-O 11. h5 h6 12. Bf4 Nd5 13. Nxd5 Bxd5 14. Rg1 Bg5 15. Qe3 Nxe5 16. Bxg5 Qxg5 17. Qxg5 hxg5 18. dxe5 Rad8 19. Bb5 Kh7 20. Rd2 c6 21. Bd3+ Kh6 22. c4 Bxc4 23. Bxc4 Rxd2 24. Kxd2 Kxh5 25. Bd3 Kg4 26. Ke3 Rh8 27. g3 Rh2 28. Be4 f5 29. Bf3+ Kh3 30. Bxc6 g4 31. Rh1 g5 32. Rxh2+ Kxh2 33. Bd7 1-0


[Site "https://www.chess.com"]